 Dungeon Crawl Stone Soup version 0.31-a0-801-gc67433417a (webtiles) character file.

Game seed: 9786031731804259378

780 Ivernyr the Slasher (level 7, 0/37 HPs)
             Began as a Vine Stalker Gladiator on Sept 20, 2023.
             Slain by a yak (11 damage)
             ... on level 4 of the Dungeon.
             The game lasted 00:04:24 (2459 turns).

Ivernyr the Slasher (Vine Stalker Gladiator)        Turns: 2459, Time: 00:04:24

Health: 0/37       AC:  5    Str: 16    XL:     7   Next: 85%
Magic:  0/8        EV: 13    Int:  8    God:
Gold:   258        SH:  0    Dex: 18    Spells: 6/6 levels left

rFire   . . .        a - +0 long sword
rCold   . . .        (no shield)
rNeg    . . .        b - +0 leather armour
rPois   .            c - +0 helmet
rElec   .            (no cloak)
rCorr   .            (no gloves)
SInv    .            p - +0 pair of boots
Will    .....        (no amulet)
Stlth   +            f - +4 ring of slaying
HPRegen 1.06/turn    (no ring)
MPRegen 0.11/turn

%: guardian spirit
@: no status effects
A: fangs 2, regeneration 1, magic shield, antimagic bite, no potion heal 2
a: no special abilities


You were on level 4 of the Dungeon.
You visited 1 branch of the dungeon, and saw 4 of its levels.

You collected 258 gold pieces.

Inventory:

Hand Weapons
 a - a +0 long sword (weapon)
Missiles
 d - 3 throwing nets (quivered)
 e - a javelin
Armour
 b - a +0 leather armour (worn)
 c - a +0 helmet (worn)
 p - a +0 pair of boots (worn)
Jewellery
 f - a +4 ring of slaying (left hand)
Wands
 s - a wand of mindburst (6)
Scrolls
 g - a scroll of immolation {unknown}
 i - 6 scrolls of identify {unknown}
 k - 3 scrolls of vulnerability {unknown}
 n - 5 scrolls of teleportation {unknown}
 q - a scroll of enchant weapon {unknown}
 t - a scroll of fear {unknown}
 u - a scroll of butterflies {unknown}
Potions
 h - a potion of berserk rage {unknown}
 j - 3 potions of brilliance {unknown}
 l - a potion of heal wounds {unknown}
 m - 2 potions of haste {unknown}
 o - a potion of attraction {unknown}
 r - a potion of enlightenment {unknown}


   Skills:
 + Level 3.8 Fighting
 * Level 5.5 Long Blades
 - Level 1.7 Throwing
 + Level 2.8 Armour
 + Level 3.9 Dodging


You had 6 spell levels left.
You didn't know any spells.
Your spell library contained the following spells:

 Spells                   Type           Power      Damage    Failure   Level
 Necrotise                Necr           0%         1d4       45%         1
 Vampiric Draining        Necr           0%         2d6       83%         3
 Agony                    Necr           0%         N/A       100%        5


Dungeon Overview and Level Annotations

Branches:
Dungeon (4/15)
 Temple: D:4-7

Altars:
Okawaru
Yredelemnul

Shops:
D:4 :


Innate Abilities, Weirdness & Mutations

You have extremely sharp teeth.
Your natural rate of healing is unusually fast.
When hurt, damage is shared between your health and your magic reserves.
Your bite disrupts and absorbs the magic of your enemies.
Potions cannot restore your health.


Message History

You kill the yak!
The yak gores you.
Your Long Blades skill increases to level 5!
You have reached level 7!
You slash the yak!
The yak is lightly wounded.
The yak gores you!
You slash the yak!
The yak is heavily wounded.
The yak gores you!
You slash the yak!
The yak is almost dead.
The yak barely misses you.
You slash the yak!
You kill the yak!
You hit the yak.
The yak is lightly wounded.
The yak gores you.
You slash the yak! You bite the yak. You drain its power.
You feel invigorated.
The yak is heavily wounded.
The yak barely misses you.
You hit the yak. You bite the yak. You drain its power.
The yak is severely wounded.
The yak misses you.
You hit the yak.
The yak is severely wounded.
The yak misses you.
You slash the yak! You bite the yak. You drain its power.
The yak is almost dead.
The yak gores you! The yak gores you but does no damage.
You slash the yak!
You kill the yak!
You slash the yak!
The yak is moderately wounded.
The yak gores you!
* * * LOW HITPOINT WARNING * * *
You hit the yak.
The yak is heavily wounded.
The yak gores you!
You die...

... #........#........
....######...##..#.....########
.........# ...#........#......#
.........####.###......#......#
#.........#...#.....#......#
#.........#.∩.#.....#......#
#.........#...#.....##'##.#
#.........Y###..........#.##
##+###.....#####@............#..#
...........# #.............'..#
...........+ #............>#..#
...........# #........<....#..#
...........# #######.......##.#
.####......# #....#####.# .#
+......# #....#...... ## #......#
+....#...... ###+#......# #...
######.


You could see a yak.

Vanquished Creatures
  Grinder (D:3)
  3 yaks (D:4)
  An orc wizard (D:3)
  3 adders
  An ufetubus (D:4)
  3 worms
  A dart slug (D:3)
  3 orcs (D:3)
  8 ball pythons
  10 bats
  7 endoplasms
  4 giant cockroaches
  3 goblins
  5 hobgoblins
  8 jackals
  3 quokkas
  4 frilled lizards
  7 kobolds
  4 rats
79 creatures vanquished.

Notes
Turn   | Place    | Note
-------+----------+-------------------------------------------
     0 | D:1      | Ivernyr the Vine Stalker Gladiator began the quest for the
                  | Orb.
     0 | D:1      | Reached XP level 1. HP: 11/11 MP: 2/2
    21 | D:1      | Reached XP level 2. HP: 15/15 MP: 3/3
   134 | D:1      | Reached skill level 3 in Long Blades
   360 | D:1      | Reached XP level 3. HP: 18/18 MP: 4/4
  1020 | D:2      | Reached skill level 1 in Armour
  1156 | D:2      | Found a faded altar of an unknown god.
  1248 | D:2      | Found a basalt altar of Yredelemnul.
  1533 | D:3      | Reached XP level 4. HP: 23/23 MP: 5/5
  1602 | D:3      | Noticed Grinder
  1603 | D:3      | Paralysed by Grinder for 2 turns
  1631 | D:3      | Killed Grinder
  1632 | D:3      | Reached skill level 4 in Long Blades
  1632 | D:3      | Reached XP level 5. HP: 14/28 MP: 6/6
  1632 | D:3      | Reached XP level 6. HP: 16/32 MP: 7/7
  1825 | D:3      | Found an iron altar of Okawaru.
  2416 | D:4      | Found Wadumois's Book Shop.
  2428 | D:4      | Noticed a yak
  2428 | D:4      | Noticed a yak
  2429 | D:4      | Noticed a yak
  2429 | D:4      | Noticed a yak
  2447 | D:4      | Killed a yak
  2448 | D:4      | Reached skill level 5 in Long Blades
  2448 | D:4      | Reached XP level 7. HP: 32/36 MP: 6/8
  2451 | D:4      | Killed a yak
  2457 | D:4      | Killed a yak
  2459 | D:4      | Slain by a yak

Illustrated notes

Levels and vault maps discovered:
D:1:      minmay_arrival_up_and_down, layout_loops_corners, minmay_octomino_c4
D:2:      layout_loops_ring, basic_altar, shapermc_ecumenical_altar_ellora
D:3:      layout_basic, mainiacjoe_overflow_brackets, uniq_grinder
D:4:      layout_gridville, serial_shops, nicolae_book_shop_shelving,
          gup_sewer_entry_bubbles

Skill      XL: |  1  2  3  4  5  6 |
---------------+-------------------+-----
Fighting       | 2 3 |  3.8
Long Blades    | 3 4 5 |  5.5
Armour         | 1 2 |  2.8
Dodging        | 3 |  3.9
Throwing       | |  1.7

Action                     |  1- 3 |  4- 6 |  7- 9 || total
---------------------------+-------+-------+-------++-------
  Melee: Long sword        |    74 |    60 |    12 ||   146
         Bite              |    13 |    19 |     3 ||    35
   Stab: Sleeping          |     3 |     1 |       ||     4
 Armour: Leather armour    |    46 |    42 |     7 ||    95
  Dodge: Dodged            |    52 |    62 |     4 ||   118

Table legend: (Time is in decaauts)
 A = Elapsed time spent in this place.
 B = Non-inter-level travel time spent in this place.
 C = Inter-level travel time spent in this place.
 D = Time resting spent in this place.
 E = Time spent auto-exploring this place.
 F = Levels seen in this place.
 G = Mean time per level.
                   A        B        C        D        E       F      G
               +--------+--------+--------+--------+--------+-----+--------+
         Total |   2488 |   2385 |    103 |      0 |   1860 |   4 |  622.0 |
       Dungeon |   2488 |   2385 |    103 |      0 |   1860 |   4 |  622.0 |
               +--------+--------+--------+--------+--------+-----+--------+

Top non-repeatable levels by time:
     D:1: 873 daAuts
     D:3: 744 daAuts
     D:2: 640 daAuts
     D:4: 230 daAuts
